Map: Korhal Carnage Knockout LE

Players

Fropez - Winner!

  • Race: Protoss Protoss
  • League: Silver
  • Spawn Location: 12:00

DruAndrew

  • Race: Protoss Protoss
  • Spawn Location: 6:00

VOD

Have the link to the VOD?

Description

Time

  • Played on: April 28, 2016, 6:22 p.m.
  • Length: 13:36
Show
View Real Time Build Order
Export as new Build Order

Fropez Protoss - Winner!

Build Orders:  

Get SALT Encoding   

  12  0:03  Probe (Chrono Boost)  
  13  0:14  Probe (Chrono Boost)  
  14  0:22  Pylon  
  14  0:24  Probe (Chrono Boost)  
  15  0:39  Assimilator  
  15  0:40  Probe (Chrono Boost)  
  16  0:45  Gateway  
  16  0:50  Probe (Chrono Boost)  
  17  1:01  Pylon, Probe (Chrono Boost)  
  18  1:19  Gateway  
  18  1:29  Gateway  
  18  1:35  Zealot  
  18  1:37  Probe (Chrono Boost)  
  21  1:48  Probe (Chrono Boost)  
  22  2:02  Cybernetics Core  
  22  2:10  Probe (Chrono Boost)  
  23  2:16  Zealot  
  23  2:17  Zealot  
  23  2:18  Zealot  
  29  2:28  Pylon, Probe (Chrono Boost)  
  30  2:34  Assimilator  
  30  2:38  Warp Gate (Chrono Boost)  
  30  2:46  Mothership Core  
  32  2:57  Stalker  
  34  3:07  Probe  
  35  3:17  Stalker  
  35  3:20  Stalker  
  37  3:29  Pylon  
  37  3:30  Pylon  
  37  3:32  Probe  
  37  3:33  Pylon  
  38  3:51  Nexus  
  38  4:31  Pylon  
  38  4:35  Pylon  
  38  4:41  Pylon  
  38  4:56  Pylon  
  38  4:57  Pylon  
  38  5:01  Pylon  
  38  5:04  Probe  
  39  5:08  Stalker x3  
  45  5:15  Pylon  
  45  5:16  Probe  
  45  5:17  Robotics Facility  
  46  5:28  Probe  
  46  5:34  Pylon  
  47  5:40  Probe  
  48  5:45  Pylon  
  48  5:52  Probe  
  49  6:00  Forge  
  49  6:02  Pylon  
  49  6:05  Probe  
  49  6:10  Probe  
  50  6:17  Probe  
  52  6:23  Observer  
  53  6:29  Probe  
  54  6:36  Assimilator  
  54  6:40  Assimilator, Photon Cannon  
  54  6:42  Pylon x2  
  54  6:43  Pylon  
  54  6:44  Observer, Probe  
  54  6:45  Probe  
  57  7:02  Stalker x3  
  57  7:03  Probe  
  57  7:04  Probe  
  65  7:13  Immortal (Chrono Boost)  
  69  7:17  Protoss Ground Weapons Level 1  
  69  7:24  Probe x2  
  71  7:36  Probe  
  72  7:48  Pylon  
  72  7:49  Probe  
  72  7:50  Immortal (Chrono Boost)  
  77  7:53  Zealot  
  77  7:55  Zealot x2  
  83  7:59  Probe  
  84  8:06  Probe  
  84  8:07  Twilight Council  
  84  8:08  Pylon  
  85  8:18  Stalker x3  
  91  8:35  Probe x2  
  93  8:44  Immortal (Chrono Boost)  
  93  8:45  Blink  
  93  8:47  Probe  
  93  8:48  Probe  
  99  8:59  Probe  
  99  9:00  Probe  
  99  9:01  Protoss Ground Weapons Level 2  
  101  9:03  Zealot x2  
  101  9:04  Zealot  
  107  9:17  Probe  
  107  9:18  Probe, Immortal (Chrono Boost)  
  113  9:29  Probe  
  114  9:38  Assimilator  
  114  9:39  Probe  
  114  9:42  Assimilator  
  114  9:45  Pylon, Photon Cannon  
  115  9:49  Probe  
  116  10:01  Nexus, Photon Cannon  
  115  10:18  Zealot x2  
  119  10:27  Observer (Chrono Boost)  
  120  10:44  Adept x2  
  120  10:45  Adept  
  124  10:54  Gateway  
  124  10:58  Probe x2  
  124  11:01  Gateway x2  
  124  11:03  Gateway  
  122  11:07  Stalker x2  
  122  11:08  Stalker  
  120  11:21  Charge  
  120  11:25  Immortal (Chrono Boost)  
  114  11:33  Probe x2  
  114  11:34  Probe  
  111  11:56  Probe  
  111  11:57  Probe x2  
  114  12:04  Nexus  
  114  12:08  Assimilator  
  114  12:12  Assimilator  
  114  12:13  Zealot x3  
  120  12:24  Probe, Templar Archives  
  120  12:25  Pylon, Probe x2  
  121  12:37  Stalker x3  
  103  13:27  Stalker x3  
Show
View Real Time Build Order
Export as new Build Order

DruAndrew Protoss 

Build Orders:  

Get SALT Encoding   

  12  0:03  Probe (Chrono Boost)  
  13  0:13  Probe (Chrono Boost)  
  14  0:18  Pylon  
  14  0:28  Probe (Chrono Boost)  
  15  0:38  Probe (Chrono Boost)  
  16  0:49  Probe (Chrono Boost)  
  17  0:51  Forge  
  17  1:16  Probe (Chrono Boost)  
  18  1:37  Pylon  
  18  1:56  Nexus  
  18  2:06  Probe (Chrono Boost)  
  19  2:17  Photon Cannon  
  19  2:24  Photon Cannon  
  19  2:40  Pylon  
  19  2:41  Probe (Chrono Boost)  
  20  2:52  Probe (Chrono Boost)  
  21  3:01  Photon Cannon  
  21  3:03  Probe (Chrono Boost), Photon Cannon  
  21  3:04  Photon Cannon  
  22  3:06  Photon Cannon  
  22  3:08  Pylon  
  22  3:12  Pylon  
  22  3:13  Probe (Chrono Boost)  
  22  3:17  Probe (Chrono Boost)  
  24  3:24  Probe (Chrono Boost)  
  24  3:25  Assimilator  
  25  3:27  Probe (Chrono Boost)  
  25  3:30  Assimilator  
  26  3:34  Probe (Chrono Boost)  
  26  3:38  Probe (Chrono Boost)  
  28  3:41  Photon Cannon  
  29  3:48  Probe (Chrono Boost)  
  29  3:49  Photon Cannon x2  
  29  3:58  Photon Cannon  
  29  3:59  Probe (Chrono Boost)  
  29  4:00  Photon Cannon  
  30  4:06  Photon Cannon  
  29  4:26  Gateway  
  29  4:43  Probe (Chrono Boost)  
  29  4:45  Probe (Chrono Boost)  
  31  4:55  Nexus, Probe x2 (Chrono Boost)  
  33  5:06  Probe x2 (Chrono Boost)  
  35  5:07  Assimilator  
  35  5:10  Assimilator  
  35  5:16  Probe (Chrono Boost)  
  35  5:17  Probe (Chrono Boost)  
  37  5:27  Probe x2 (Chrono Boost)  
  39  5:30  Pylon  
  39  5:37  Probe (Chrono Boost)  
  39  5:42  Cybernetics Core  
  40  5:45  Forge, Protoss Ground Weapons Level 1 (Chrono Boost), Zealot  
  42  6:02  Pylon  
  42  6:13  Zealot  
  44  6:21  Photon Cannon  
  44  6:23  Photon Cannon  
  44  6:35  Protoss Ground Armor Level 1 (Chrono Boost)  
  44  6:44  Stalker  
  46  6:48  Warp Gate (Chrono Boost)  
  46  6:56  Gateway  
  46  6:59  Gateway  
  46  7:01  Gateway  
  46  7:07  Pylon  
  46  7:10  Pylon  
  46  7:13  Pylon  
  46  7:14  Stalker  
  47  7:44  Nexus, Stalker  
  49  7:51  Stalker  
  51  8:01  Stalker x2  
  55  8:12  Protoss Shields Level 1  
  55  8:14  Stalker  
  57  8:21  Stalker  
  59  8:30  Stalker  
  59  8:31  Stalker  
  63  8:34  Robotics Facility  
  63  8:35  Twilight Council  
  63  8:38  Robotics Facility  
  63  8:39  Gateway  
  63  8:41  Gateway  
  61  8:42  Gateway  
  61  8:44  Gateway  
  61  8:47  Gateway  
  57  9:19  Stalker x4  
  65  10:19  Nexus  
  65  10:20  Stalker x4  
  66  10:22  Assimilator  
  66  10:28  Assimilator  
  64  10:30  Pylon  
  64  10:32  Pylon  
  64  10:36  Pylon  
  64  10:39  Pylon  
  64  11:00  Stalker x3  
  64  11:01  Stalker x4  
  64  11:02  Stalker x2  
  82  11:06  Blink  
  82  11:08  Warp Prism  
  82  11:09  Observer  
  75  11:30  Immortal  
  77  11:44  Immortal  
  55  12:50  Stalker  
  55  12:51  Stalker x5  
  51  12:52  Stalker x2  
  41  13:15  Stalker x2  
  41  13:16  Stalker  
Tags
 
League
Silver
Matchup
PvP
Replay Pack
All Mines
Spawn Locations
Cross Positions
Add a new tag
Caveats
  • Supply blocks, unpowered buildings, or Contaminate may cause inaccurate times.
  • Supply counts are checked every 10 seconds.